 Dungeon Crawl Stone Soup version 0.26-a0-491-g70697cc071 (webtiles) character file.

Game seed: 5830535329652201558

2 ANON1729 the Sneak (level 1, -5/19 HPs)
             Began as a Palentonga Delver on Aug 4, 2020.
             Slain by an orc warrior
             ... wielding a +0 halberd
              (10 damage)
             ... on level 6 of the Dungeon.
             The game lasted 00:00:30 (35 turns).

ANON1729 the Sneak (Palentonga Delver)                Turns: 35, Time: 00:00:30

Health: -5/19      AC:  4    Str: 15    XL:     1   Next: 25%
Magic:  1/1        EV:  9    Int: 10    God:
Gold:   0          SH:  0    Dex: 11    Spells: 0/0 levels left

rFire    . . .     SeeInvis +   a - +0 falchion
rCold    . . .     Faith    .   (no shield)
rNeg     . . .     Spirit   .   b - +0 leather armour
rPois    .         Reflect  .   (no helmet)
rElec    .         Harm     .   (no cloak)
rCorr    .                      (no gloves)
MR       .....                  (boots restricted)
Stlth    ++........             (no amulet)
HPRegen  0.06/turn              (no ring)
MPRegen  0.07/turn              (no ring)

@: no status effects
A: large, rugged brown scales 3, see invisible, deformed body, roll, armoured
tail
a: Rolling Charge


You were on level 6 of the Dungeon.
You visited 1 branch of the dungeon, and saw 2 of its levels.

Inventory:

Hand Weapons
 a - a +0 falchion (weapon)
Armour
 b - a +0 leather armour (worn)
Wands
 g - a wand of digging (3)
Scrolls
 c - a scroll of fog
 d - a scroll of magic mapping
 e - a scroll of fear
Potions
 f - a potion of haste


   Skills:
 + Level 3.0 Fighting
 + Level 2.0 Long Blades
 + Level 1.6 Dodging
 + Level 3.3 Stealth


You couldn't memorise any spells.
You didn't know any spells.
Your spell library was empty.

Dungeon Overview and Level Annotations

Branches:
Dungeon (6/15)
 Temple: D:4-7

Altars:


Innate Abilities, Weirdness & Mutations

You are completely covered in rugged brown scales. (AC +3, +7% HP)
You have supernaturally acute eyesight. (SInv)
Armour fits poorly on your strangely shaped body.
You can roll at foes to attack.
You have a long armoured tail.


Message History

The adder zombie bites you but does no damage.
You closely miss the adder zombie. You tail-slap the adder zombie.
The adder zombie is moderately damaged.
The orc warrior closely misses you.
The adder zombie bites you but does no damage.
You hit the adder zombie but do no damage.
Your tail-slap misses the adder zombie.
The adder zombie is moderately damaged.
The adder zombie bites you. The orc warrior barely misses you.
The adder zombie bites you.
* * * LOW HITPOINT WARNING * * *
Roll where?
Press: ? - help, Dir - move target cursor, f - orc
Aim: an orc, wielding a +0 dagger
Okay, then.
You hit the adder zombie.
The adder zombie is heavily damaged.
The orc warrior hits you from afar with a +0 halberd!
Ouch! That really hurt!
You die...

########..
#.@Z......
#.#####...
#o# #o#
#o# #.#
#.).o...#
####.....
###.


You could see an orc warrior, 2 orcs and an adder zombie.

Vanquished Creatures
  An orc (D:6)
1 creature vanquished.

Notes
Turn   | Place    | Note
-------+----------+-------------------------------------------
     0 | D:5      | ANON1729 the Palentonga Delver began the quest for the Orb.
     0 | D:5      | Reached XP level 1. HP: 19/19 MP: 1/1
     3 | D:5      | Noticed an orc priest
    15 | D:6      | Noticed an orc warrior
    35 | D:6      | Slain by an orc warrior

Illustrated notes

Levels and vault maps discovered:
D:5:      layout_cave_pools, minmay_temple_entry_sparse_star,
          kennysheep_generic_room_14
D:6:      layout_loops_cross, cheibrodos_ashenzari_chains, kennysheep_mini,
          okawaru_trees_1

Action                   || total
-------------------------++-------
Melee: Falchion          ||     6
       Tailslap          ||     1
Armor: Leather armour    ||     2
Dodge: Dodged            ||     4

Table legend: (Time is in decaauts)
 A = Elapsed time spent in this place.
 B = Non-inter-level travel time spent in this place.
 C = Inter-level travel time spent in this place.
 D = Time resting spent in this place.
 E = Time spent auto-exploring this place.
 F = Levels seen in this place.
 G = Mean time per level.
                   A        B        C        D        E       F      G
               +--------+--------+--------+--------+--------+-----+--------+
         Total |     36 |     36 |      0 |      2 |      7 |   2 |   18.0 |
       Dungeon |     36 |     36 |      0 |      2 |      7 |   2 |   18.0 |
               +--------+--------+--------+--------+--------+-----+--------+

Top non-repeatable levels by time:
     D:6: 22 daAuts
     D:5: 14 daAuts
